[ AOE2 MATCH · #505954476 ]
UnrankedIncas vs Japanese
Player's team · WIN
Rival team · LOSS
[ REPLAY ANALYSIS · EXTRACTED FROM THE RECORDED GAME ]
Feudal
11:17
Castle
—
Imperial
—
| APM avg | 66.5 |
| APM peak | 124 |
| eAPM avg | 36.6 |
| Villagers / military | 51 / 0 |
Focus
⚔️ 51.4% · 🌾 48.6%
Unknown (2550) ×22
Feudal
11:08
Castle
—
Imperial
—
| APM avg | 48.2 |
| APM peak | 70 |
| eAPM avg | 22.6 |
| Villagers / military | 39 / 18 |
Focus
⚔️ 36.1% · 🌾 63.9%
Militia ×18
Match map
Initial resources + every placement click. Lines = walls · curves = elevation contours. ◆ gold · ⬟ stone · ● berries · ✦ relic · ◌ wall gap
Your base· Open — 6t gap
kingie's base· Open — 5t gap
Smoothed initial terrain · ◌ = detected wall gap · hover for details
Inputs per minute
— ELEG PropiaNea - - kingie
Build order — ELEG PropiaNea
118 actions detected in the replay
| 0:01 | Queue | Villager (Male) |
| 0:01 | Queue | Villager (Male) |
| 0:02 | Build | House |
| 0:03 | Build | House |
| 0:20 | Queue | Villager (Male) |
| 0:20 | Queue | Villager (Male) |
| 0:27 | Build | Palisade Wall |
| 1:38 | Queue | Villager (Male) |
| 1:39 | Queue | Villager (Male) |
| 1:49 | Build | Settlement |
| 2:05 | Queue | Villager (Male) |
| 2:05 | Queue | Villager (Male) |
| 2:21 | Queue | Villager (Male) |
| 2:21 | Queue | Villager (Male) |
| 2:31 | Queue | Villager (Male) |
| 2:32 | Queue | Villager (Male) |
| 3:17 | Queue | Villager (Male) |
| 3:17 | Queue | Villager (Male) |
| 3:17 | Queue | Villager (Male) |
| 3:45 | Queue | Villager (Male) |
| 3:45 | Queue | Villager (Male) |
| 4:09 | Build | Settlement |
| 4:23 | Queue | Villager (Male) |
| 4:23 | Queue | Villager (Male) |
| 4:49 | Queue | Villager (Male) |
| 5:05 | Queue | Villager (Male) |
| 5:05 | Queue | Villager (Male) |
| 5:23 | Queue | Villager (Male) |
| 5:38 | Queue | Villager (Male) |
| 5:55 | Queue | Villager (Male) |
| 5:55 | Queue | Villager (Male) |
| 5:55 | Queue | Villager (Male) |
| 6:06 | Build | Barracks |
| 6:55 | Queue | Unit 2550 |
| 6:55 | Queue | Unit 2550 |
| 6:56 | Queue | Unit 2550 |
| 6:56 | Queue | Unit 2550 |
| 7:30 | Queue | Villager (Male) |
| 8:04 | Queue | Villager (Male) |
| 8:17 | Research | Loom |
| 8:17 | Research | Loom |
| 9:07 | Research | Feudal Age |
| 9:07 | Research | Feudal Age |
| 9:21 | Queue | Unit 2550 |
| 9:21 | Queue | Unit 2550 |
| 9:28 | Build | Farm |
| 9:30 | Build | Farm |
| 9:32 | Build | Farm |
| 9:34 | Build | Farm |
| 9:41 | Queue | Unit 2550 |
| 10:10 | Queue | Villager (Male) |
| 10:15 | Queue | Unit 2550 |
| 10:28 | Queue | Villager (Male) |
| 10:41 | Build | Farm |
| 10:46 | Build | Farm |
| 11:17 | Age | Feudal Age |
| 11:21 | Research | Tech 1402 |
| 11:37 | Queue | Villager (Male) |
| 12:29 | Queue | Unit 2550 |
| 12:48 | Queue | Villager (Male) |
| 12:58 | Queue | Unit 2550 |
| 12:58 | Queue | Villager (Male) |
| 13:02 | Build | Farm |
| 13:02 | Build | Farm |
| 13:03 | Build | Farm |
| 13:03 | Build | Farm |
| 13:03 | Build | Farm |
| 13:19 | Queue | Unit 2550 |
| 13:24 | Queue | Villager (Male) |
| 13:27 | Build | Blacksmith |
| 13:29 | Build | House |
| 13:54 | Build | Farm |
| 13:54 | Build | Farm |
| 13:54 | Queue | Villager (Male) |
| 14:05 | Build | House |
| 14:17 | Research | Scale Mail Armor |
| 14:27 | Queue | Villager (Male) |
| 14:45 | Queue | Villager (Male) |
| 14:46 | Queue | Unit 2550 |
| 14:55 | Queue | Villager (Male) |
| 15:01 | Build | Settlement |
| 15:14 | Build | Barracks |
| 15:32 | Queue | Villager (Male) |
| 15:36 | Research | Forging |
| 15:45 | Build | House |
| 15:46 | Build | House |
| 15:51 | Build | Palisade Gate |
| 15:55 | Queue | Villager (Male) |
| 16:28 | Queue | Villager (Male) |
| 16:29 | Queue | Unit 2550 |
| 16:38 | Queue | Villager (Male) |
| 16:46 | Queue | Unit 2550 |
| 16:56 | Queue | Villager (Male) |
| 17:11 | Queue | Villager (Male) |
| 17:20 | Queue | Unit 2550 |
| 17:25 | Queue | Villager (Male) |
| 17:31 | Build | Market |
| 17:42 | Queue | Unit 2550 |
| 17:51 | Queue | Villager (Male) |
| 17:53 | Build | Farm |
| 17:53 | Build | Farm |
| 17:53 | Build | Farm |
| 17:54 | Build | Farm |
| 17:54 | Build | Farm |
| 17:54 | Build | Farm |
| 17:54 | Build | Farm |
| 18:08 | Queue | Unit 2550 |
| 18:08 | Queue | Unit 2550 |
| 18:09 | Queue | Villager (Male) |
| 18:22 | Queue | Villager (Male) |
| 18:26 | Build | Settlement |
| 18:43 | Queue | Unit 2550 |
| 18:57 | Queue | Unit 2550 |
| 19:02 | Queue | Villager (Male) |
| 19:12 | Research | Arson |
| 19:41 | Queue | Villager (Male) |
| 20:07 | Queue | Unit 2550 |
| 20:07 | Queue | Unit 2550 |
Build order — kingie
103 actions detected in the replay
| 0:01 | Queue | Villager (Male) |
| 0:03 | Build | House |
| 0:26 | Queue | Villager (Male) |
| 0:26 | Queue | Villager (Male) |
| 0:47 | Queue | Villager (Male) |
| 1:35 | Queue | Villager (Male) |
| 1:41 | Build | House |
| 1:55 | Queue | Villager (Male) |
| 2:12 | Build | Lumber Camp |
| 2:25 | Queue | Villager (Male) |
| 2:30 | Build | House |
| 2:50 | Queue | Villager (Male) |
| 3:26 | Queue | Villager (Male) |
| 3:26 | Queue | Villager (Male) |
| 3:49 | Queue | Villager (Male) |
| 4:12 | Queue | Villager (Male) |
| 4:12 | Queue | Villager (Male) |
| 4:30 | Build | Barracks |
| 4:50 | Build | House |
| 5:05 | Queue | Villager (Male) |
| 5:38 | Queue | Villager (Male) |
| 5:38 | Queue | Villager (Male) |
| 5:55 | Build | House |
| 6:07 | Research | Loom |
| 6:08 | Research | Loom |
| 6:31 | Build | House |
| 6:42 | Build | Mining Camp |
| 6:47 | Queue | Villager (Male) |
| 7:11 | Build | Mill |
| 7:20 | Queue | Villager (Male) |
| 7:33 | Build | Mill |
| 7:46 | Queue | Villager (Male) |
| 8:19 | Queue | Villager (Male) |
| 8:34 | Queue | Villager (Male) |
| 8:58 | Research | Feudal Age |
| 8:59 | Research | Feudal Age |
| 9:53 | Queue | Militia |
| 9:53 | Queue | Militia |
| 9:53 | Queue | Militia |
| 9:55 | Build | Palisade Wall |
| 10:23 | Queue | Militia |
| 10:47 | Queue | Villager (Male) |
| 10:47 | Queue | Villager (Male) |
| 11:08 | Age | Feudal Age |
| 11:11 | Research | Man-at-Arms (upgrade) |
| 11:17 | Queue | Villager (Male) |
| 11:22 | Build | Palisade Wall |
| 11:24 | Build | Palisade Wall |
| 11:38 | Queue | Villager (Male) |
| 11:38 | Queue | Villager (Male) |
| 12:05 | Build | Watch Tower |
| 12:15 | Queue | Militia |
| 12:16 | Queue | Militia |
| 13:06 | Queue | Villager (Male) |
| 13:10 | Queue | Villager (Male) |
| 13:10 | Queue | Villager (Male) |
| 13:34 | Queue | Militia |
| 13:55 | Queue | Villager (Male) |
| 14:02 | Research | Horse Collar |
| 14:08 | Queue | Villager (Male) |
| 14:11 | Build | Farm |
| 14:12 | Build | Farm |
| 14:14 | Build | Farm |
| 14:16 | Build | Farm |
| 14:17 | Build | Farm |
| 14:49 | Build | Farm |
| 14:50 | Build | Farm |
| 14:55 | Build | Archery Range |
| 14:58 | Build | Farm |
| 15:09 | Queue | Villager (Male) |
| 15:30 | Build | Palisade Wall |
| 15:33 | Build | Blacksmith |
| 15:35 | Build | House |
| 15:38 | Queue | Militia |
| 15:38 | Queue | Militia |
| 15:42 | Build | Farm |
| 15:55 | Queue | Villager (Male) |
| 15:57 | Build | Farm |
| 16:05 | Queue | Militia |
| 16:06 | Queue | Militia |
| 17:00 | Queue | Villager (Male) |
| 17:19 | Queue | Villager (Male) |
| 17:25 | Queue | Militia |
| 17:25 | Queue | Militia |
| 17:26 | Queue | Villager (Male) |
| 17:31 | Build | Farm |
| 17:31 | Queue | Villager (Male) |
| 17:39 | Build | House |
| 17:50 | Build | Palisade Wall |
| 17:52 | Build | Palisade Wall |
| 18:13 | Build | Farm |
| 18:17 | Queue | Militia |
| 18:30 | Queue | Villager (Male) |
| 18:55 | Build | House |
| 19:04 | Queue | Militia |
| 19:04 | Queue | Militia |
| 19:05 | Queue | Villager (Male) |
| 19:18 | Build | Farm |
| 19:43 | Research | Scale Mail Armor |
| 19:43 | Research | Forging |
| 19:44 | Research | Forging |
| 20:02 | Queue | Militia |
| 20:02 | Queue | Militia |
Match timeline
| 0:27 | ELEG PropiaNea · wall_segment Palisade Wall x1 |
| 4:30 | kingie · first_building Barracks |
| 6:06 | ELEG PropiaNea · first_building Barracks |
| 9:55 | kingie · wall_segment Palisade Wall x1 |
| 11:08 | kingie · age_up feudal |
| 11:17 | ELEG PropiaNea · age_up feudal |
| 11:22 | kingie · wall_segment Palisade Wall x1 |
| 11:24 | kingie · wall_segment Palisade Wall x1 |
| 14:55 | kingie · first_building Archery Range |
| 15:30 | kingie · wall_segment Palisade Wall x1 |
| 17:50 | kingie · wall_segment Palisade Wall x1 |
| 17:52 | kingie · wall_segment Palisade Wall x1 |
| 20:16 | kingie · resign |
[ AI ANALYSIS · 1 CREDIT ]
What really happened in this match?
Wolo.gg analyzes every decision: build order, eco, micro, common mistakes by bracket. Personalized analysis on WhatsApp or Discord in 30 seconds.
Civ guide
Incas
Perfil
ELEG PropiaNea